 Dungeon Crawl Stone Soup version 0.21-a0-143-g1ab7d47 (webtiles) character file.

1595 Gorglomux the Cleaver (level 8, -1/78 HPs)
             Began as a Hill Orc Summoner on July 25, 2017.
             Was a Follower of Okawaru.
             Slain by a wight
             ... wielding a +0 great sword
              (2 damage)
             ... on level 6 of the Dungeon.
             The game lasted 00:12:49 (5649 turns).

Gorglomux the Cleaver (Hill Orc Summoner)           Turns: 5649, Time: 00:12:50

Health: -1/78      AC: 14    Str: 13    XL:     8   Next: 93%
Magic:  8/10       EV:  7    Int: 15    God:    Okawaru [*.....]
Gold:   326        SH:  0    Dex: 11    Spells: 7/10 levels left

rFire    . . .     SeeInvis .   b - +0 hand axe
rCold    . . .     Gourm    .   (no shield)
rNeg     + . .     Faith    .   p - +0 chain mail {rPois}
rPois    +         Spirit   .   g - +0 helmet
rElec    .         Reflect  .   h - +0 cloak
rCorr    .         Harm     .   n - +0 pair of gloves
MR       .....                  s - +0 pair of boots
Stlth    ..........             (no amulet)
HPRegen  0.23/turn              k - ring of positive energy
MPRegen  0.12/turn              (no ring)

@: heroism, drained
A: no striking features
a: Heroism, Renounce Religion


You were on level 6 of the Dungeon.
You worshipped Okawaru.
Okawaru was aware of your devotion.
You were not hungry.

You visited 2 branches of the dungeon, and saw 7 of its levels.
You also visited: Sewer.

You collected 326 gold pieces.

Inventory:

Hand Weapons
 a - a +2 dagger of venom
 b - a +0 hand axe (weapon)
Missiles
 T - 2 javelins (quivered)
Armour
 g - a +0 helmet (worn)
 h - a +0 cloak (worn)
 n - a +0 pair of gloves (worn)
 p - a +0 chain mail of poison resistance (worn)
 s - a +0 pair of boots (worn)
Jewellery
 k - a ring of positive energy (left hand)
Scrolls
 i - a scroll of enchant weapon
 m - a scroll of recharging {unknown}
 q - a scroll of fog
 v - a scroll of teleportation {unknown}
 w - 4 scrolls of remove curse
 y - 2 scrolls of immolation {unknown}
 B - 4 scrolls of blinking
 R - 4 scrolls of identify
 W - a scroll of magic mapping {unknown}
 Y - a scroll of random uselessness {unknown}
 Z - a scroll of amnesia {unknown}
Potions
 u - a potion of degeneration {unknown}
 D - a potion of magic {unknown}
 E - 2 potions of flight
 G - a potion of agility {unknown}
 Q - 2 potions of curing
 S - 2 potions of heal wounds {unknown}
 U - 2 potions of mutation {unknown}
Comestibles
 c - 8 bread rations
 f - 5 fruits
 z - a meat ration
 V - a royal jelly


   Skills:
 - Level 9.1(12.8) Fighting
 + Level 9.8(13.5) Axes
 - Level 1.5(5.4) Dodging
 - Level 1.5(5.4) Stealth
 - Level 1.5(0.6) Spellcasting
 - Level 4.1(3.1) Summonings


You had 7 spell levels left.
You knew the following spells:

 Your Spells              Type           Power        Failure   Level  Hunger
a - Summon Small Mammal   Summ           #...         89%         1    ##.....
b - Call Imp              Summ           #.......     96%         2    ###....


Dungeon Overview and Level Annotations

Branches:
Dungeon (6/15)             Temple (1/1) D:5

Altars:
Dithmenos
Kikubaaqudgha
Okawaru
Sif Muna
Zin


Message History

You destroy the wight!!!
Okawaru roars: ANNIHILATED!
Your chain mail prevents butt from hitting the wight!
The wight hits you with a great sword!!! * * * don't die
* * *
Things that are here:
an enchanted scimitar; a robe You open the wight but do no damage!
The wight is almost destroyed!
You barely miss the wight!
The wight is almost destroyed!
The wight hits you but does no damage!
You chop the wight into pieces!
The wight is almost destroyed!
You slice the wight but do no damage!
The wight is almost destroyed!
The wight hits you with a great sword!!! * * * don't die
* * * You partially resist!
You feel drained! rip

##..# ##....## #....
...## #.....# #... ...#
##.....## ..##
#..#######...#...# .#
##..........##.(.##
#...........##(..##
##..###........#)..###..
#...###....#...<........
z.........###..z@.......
###...(...# ###.......##
# #.......## ##.....##
#...##...## #....##
##..###...## #...## ##.#
# #).# ##...###..## #..#
# #..# ##....#..###
##..# ####..#
#.........######...##
......###
##....##...##.......##


You could see a wight.

Vanquished Creatures
  An orc warrior (D:6)
  A centaur (D:6)
  An ogre (D:4)
  A big kobold (Sewer)
  A bullfrog (D:6)
  A wyvern zombie (D:6)
  A water moccasin zombie (D:6)
  3 scorpions
  4 wights
  A howler monkey (D:4)
  A crimson imp (D:6)
  An orc priest (D:6)
  4 hounds
  4 orc wizards
  A bullfrog skeleton (D:4)
  Crazy Yiuf (D:2)
  2 iguanas (D:5)
  A worker ant (D:6)
  A hound zombie (D:5)
  A howler monkey zombie (D:6)
  A howler monkey skeleton (D:4)
  10 adders
  3 gnolls (D:6)
  2 river rats
  An ooze (D:3)
  An adder zombie (D:4)
  3 worms
  A dart slug (D:1)
  2 leopard geckos
  21 orcs
  2 ball pythons
  3 bats
  2 giant cockroaches (D:4)
  5 goblins
  8 hobgoblins
  7 jackals
  4 quokkas
  7 frilled lizards
  A jackal zombie (D:5)
  11 kobolds
  A quokka skeleton (D:4)
  9 rats
  A fungus (D:2)
138 creatures vanquished.

Vanquished Creatures (collateral kills)
  A giant cockroach (D:1)
  4 hobgoblins (D:1)
  2 jackals (D:1)
  3 kobolds (D:1)
  2 bats (D:1)
  A rat (D:1)
13 creatures vanquished.

Grand Total: 151 creatures vanquished

Notes
Turn   | Place    | Note
-------+----------+-------------------------------------------
     0 | D:1      | Gorglomux the Hill Orc Summoner began the quest for the Orb.
     0 | D:1      | Reached XP level 1. HP: 14/14 MP: 3/3
    32 | D:1      | Reached skill level 1 in Fighting
   421 | D:1      | Reached XP level 2. HP: 10/24 MP: 2/4
   425 | D:1      | Learned a level 2 spell: Call Imp
  1070 | D:2      | Reached XP level 3. HP: 29/30 MP: 5/5
  1228 | D:2      | Reached skill level 3 in Fighting
  1992 | D:2      | Found a runed door.
  1996 | D:2      | Noticed Crazy Yiuf
  2007 | D:2      | Killed Crazy Yiuf
  2007 | D:2      | Reached XP level 4. HP: 37/41 MP: 6/6
  2282 | D:3      | Reached XP level 5. HP: 37/48 MP: 7/7
  2370 | D:3      | Found a shadowy altar of Dithmenos.
  2612 | D:4      | Reached skill level 6 in Fighting
  2628 | D:4      | Found a glowing drain.
  2647 | D:4      | Noticed an ogre
  2663 | D:4      | Killed an ogre
  2663 | D:4      | Reached XP level 6. HP: 41/60 MP: 8/8
  2736 | Sewer    | Entered a sewer
  2858 | Sewer    | Found a white marble altar of Elyvilon.
  3106 | D:4      | Reached XP level 7. HP: 64/68 MP: 9/9
  3232 | D:4      | Found a glowing silver altar of Zin.
  3470 | D:5      | Entered Level 5 of the Dungeon
  3531 | D:5      | Found a staircase to the Ecumenical Temple.
  3599 | Temple   | Entered the Ecumenical Temple
  3608 | Temple   | Became a worshipper of Warmaster Okawaru
  3746 | D:5      | Reached skill level 9 in Fighting
  4023 | D:5      | Reached skill level 1 in Axes
  4141 | D:6      | Reached skill level 3 in Axes
  4290 | D:5      | Reached * piety under Okawaru
  4447 | D:6      | Reached XP level 8. HP: 63/78 MP: 10/10
  4627 | D:6      | Reached skill level 6 in Axes
  5396 | D:6      | Reached skill level 9 in Axes
  5649 | D:6      | HP: 1/78 [wight/great sword (11)]
  5649 | D:6      | Slain by a wight

Vault maps used:
D:1:      dpeg_arrival_orchard
D:2:      uniq_crazy_yiuf_cottage
D:3:      grunt_dithmenos_smoke
D:4:      zin_academy, cheibrodos_sewer_entry_sluice, first_bread
D:5:      temple_pool_b
D:6:      uniq_duvessa
Temple:   regret_index_temple_sigil_plot
Sewer:    sewer_kobolds

Skill      XL: |  1  2  3  4  5  6  7  8 |
---------------+-------------------------+-----
Fighting       | 1 2 4 5 7 8 9 |  9.1
Axes           | 5 9 |  9.8
Dodging        | |  1.5
Stealth        | |  1.5
Spellcasting   | |  1.5
Summonings     | |  4.1

Action                   |  1- 3 |  4- 6 |  7- 9 || total
-------------------------+-------+-------+-------++-------
Melee: Mace              |    29 |       |       ||    29
       Dagger            |    89 |   218 |   244 ||   551
       Hand axe          |       |       |    92 ||    92
       Punch             |       |       |     3 ||     3
Throw: Javelin           |       |       |     1 ||     1
 Cast: Summon Small Mamm |    13 |       |       ||    13
       Call Imp          |     2 |       |       ||     2
Invok: Heroism           |       |       |     5 ||     5
  Use: Scroll            |     2 |     1 |     2 ||     5
       Potion            |       |     3 |       ||     3
  Eat: Chunk             |     4 |     4 |     6 ||    14
       Fruit             |       |       |     4 ||     4
Armor: Robe              |    16 |       |       ||    16
       Chain mail        |    48 |   134 |   212 ||   394
       Skin              |       |    54 |       ||    54
Dodge: Dodged            |    56 |    59 |   123 ||   238
